 Dungeon Crawl Stone Soup version 0.26-a0-52-gd53d4cd058 (webtiles) character file.

Game seed: 17890960488371466479

12120 Percelot the Basher (level 11, -7/90 HPs)
             Began as a Gargoyle Berserker on June 3, 2020.
             Was a High Priest of Trog.
             Mangled by a gargoyle
             ... wielding a +0 dire flail
              (11 damage)
             ... on level 11 of the Dungeon on June 6, 2020.
             The game lasted 01:25:02 (13315 turns).

Percelot the Basher (Gargoyle Berserker)           Turns: 13315, Time: 01:25:03

Health: -7/90      AC: 24    Str: 24    XL:     11   Next: 88%
Magic:  13/13      EV:  7    Int:  8    God:    Trog [*****.]
Gold:   416        SH:  0    Dex:  9    Spells: 10/10 levels left

rFire    . . .     SeeInvis .   B - +3 dire flail (freeze)
rCold    . . .     Gourm    .   (shield currently unavailable)
rNeg     + . .     Faith    .   p - +0 plate armour
rPois    ∞         Spirit   .   u - +0 helmet
rElec    +         Reflect  .   l - +2 cloak {rPois}
rCorr    .         Harm     .   y - +0 pair of gloves
MR       .....                  (no boots)
Stlth    ..........             (no amulet)
HPRegen  0.25/turn              (no ring)
MPRegen  0.13/turn              (no ring)

@: berserking, slowed
A: negative energy resistance 1, electricity resistance, unbreathing,
petrification resistance, rot immunity, AC +8
a: Berserk, Trog's Hand, Brothers in Arms, Renounce Religion


You were on level 11 of the Dungeon.
You worshipped Trog.
Trog was extremely pleased with you.
You were very hungry.

You visited 2 branches of the dungeon, and saw 12 of its levels.

You collected 506 gold pieces.
You spent 90 gold pieces at shops.

Inventory:

Hand Weapons
 t - a +1 halberd of flaming
 B - a +3 dire flail of freezing (weapon)
Missiles
 h - 238 stones (quivered)
Armour
 l - a +2 cloak of poison resistance (worn)
 p - a +0 plate armour (worn)
 u - a +0 helmet (worn)
 w - a +2 scale mail of fire resistance
 y - a +0 pair of gloves (worn)
Jewellery
 e - a cursed ring of wizardry {unknown}
 g - an uncursed ring of fire {unknown}
 m - an uncursed amulet of faith {unknown}
 n - an uncursed amulet of regeneration {unknown}
 s - an uncursed amulet of magic regeneration {unknown}
 x - an uncursed ring of wizardry {unknown}
 A - a cursed ring of flight {unknown}
Wands
 f - a wand of polymorph (7)
 q - a wand of acid (12)
 r - a wand of paralysis (13)
 C - a wand of clouds (6)
Scrolls
 i - 2 scrolls of teleportation
 v - 4 scrolls of identify
Potions
 a - a potion of cancellation {unknown}
 b - 5 potions of curing
 d - 3 potions of flight
 j - 3 potions of might
 k - 2 potions of stabbing
 o - 2 potions of haste
 z - a potion of invisibility
Comestibles
 c - 22 rations
 D - 12 chunks of flesh


   Skills:
 - Level 3.5 Fighting
 - Level 14.0 Maces & Flails
 * Level 10.1 Polearms
 - Level 2.3 Armour
 - Level 1.6 Dodging
 - Level 3.8 Evocations


You had 10 spell levels left.
You didn't know any spells.
Your spell library was empty.

Dungeon Overview and Level Annotations

Branches:
Dungeon (11/15)            Temple (1/1) D:5            Lair (0/6) D:11
    Orc: D:9-12

Altars:
Ashenzari
Cheibriados
Dithmenos
Elyvilon
Fedhas
Gozag
Hepliaklqana
Kikubaaqudgha
Makhleb
Nemelex Xobeh
Okawaru
Qazlal
Ru
Sif Muna
Trog
Uskayaw
Vehumet
Wu Jian
Xom
Yredelemnul
Zin
The Shining One

Shops:
D:8 %

Annotations:
D:6 3 runed translucent doors, Protee's ghost, amateur BaFi; emiel's ghost, amateur FoSk; vurker's ghost, novice DsNe; wullow's ghost, novice DsNe


Innate Abilities, Weirdness & Mutations

You are resistant to torment.
Your stone body is resilient. (AC +8)
You are immune to poison.
You resist negative energy. (rN+)
You are resistant to electric shocks. (rElec)
You can survive without breathing.
You are immune to petrification.
You are immune to rotting.


Message History

You barely miss the gargoyle.
The gargoyle is moderately damaged.
Your plate armour prevents you from hitting the gargoyle.
The gargoyle is moderately damaged.
The gargoyle hurls a stone arrow at you.
The stone arrow hits you!
Your plate armour prevents you from hitting the gargoyle.
The gargoyle is moderately damaged.
The gargoyle hits you but does no damage.
You hit the gargoyle. You freeze the gargoyle.
The gargoyle is heavily damaged.
The gargoyle hurls a stone arrow at you.
The stone arrow hits you!!
* * * LOW HITPOINT WARNING * * *
Okay, then.
A red film seems to cover your vision as you go berserk!
You feel yourself moving faster!
You feel mighty!
You are feeling very hungry.
The gargoyle hits you with a +0 dire flail!
You die...

#.# ... z......## ..
#.# #.9.....#####
#.###.####............
#........#.......##.##
#.##.###.#............
#.# #.........$.. #.#
#.......# #.####.###
#....(..#####
#.....9@.#
###).#......#
...####.#.#
#).#..###.# #.#.#
##..#..# #.# ..#.#
#.....(# #.# ####.#
#...#÷## #.# #.#
#...#.# #.#
#.####...#.# #.#
#........#.####.#
##......##.......


You could see a gargoyle.

Vanquished Creatures
  Josephine (D:11)
  A two-headed ogre (D:7)
  2 unseen horrors
  A cyclops (D:11)
  A centaur zombie (D:11)
  Psyche (D:11)
  Maggie (D:6)
  A troll (D:10)
  The ghost of DEFE the Covered, an amateur DsWn (D:3)
  A hornet (D:10)
  Grinder (D:5)
  2 hippogriffs
  Sigmund (D:5)
  3 wyverns
  5 wraiths (D:11)
  A human (D:9)
  3 hogs (D:9)
  10 yaks
  Menkaure (D:5)
  Duvessa (D:5)
  An orc warrior (D:10)
  An eye of draining (D:9)
  2 ice beasts
  3 sky beasts
  A phantom (D:3)
  2 ogres
  2 centaurs
  A crocodile (D:11)
  2 big kobolds
  6 bullfrogs
  Dowan (D:4)
  3 scorpions
  7 wights
  7 killer bees
  4 howler monkeys
  3 crimson imps
  2 bullfrog zombies
  An orc priest (D:7)
  Crazy Yiuf (D:3)
  8 hounds
  A jelly (D:5)
  2 orc wizards
  3 iguanas
  5 worker ants
  A hound zombie (D:7)
  A hound skeleton (D:6)
  2 worker ant zombies
  13 adders
  A shadow imp (D:5)
  An ooze (D:4)
  5 adder skeletons
  2 adder zombies (D:8)
  6 worms
  3 dart slugs (D:1)
  2 leopard geckos
  21 orcs
  2 ball pythons
  16 bats
  7 giant cockroaches
  5 goblins
  7 hobgoblins
  7 jackals
  15 kobolds
  8 quokkas
  4 frilled lizards
  A jackal zombie (D:9)
  7 rats
245 creatures vanquished.

Vanquished Creatures (others)
  5 toadstools (D:1)
5 creatures vanquished.

Grand Total: 250 creatures vanquished

Notes
Turn   | Place    | Note
-------+----------+-------------------------------------------
     0 | D:1      | Percelot the Gargoyle Berserker began the quest for the
                  | Orb.
     0 | D:1      | Reached XP level 1. HP: 14/14 MP: 1/1
   219 | D:1      | Reached XP level 2. HP: 19/19 MP: 2/2
   617 | D:1      | Reached XP level 3. HP: 23/23 MP: 3/3
  1197 | D:1      | Reached skill level 4 in Maces & Flails
  1256 | D:2      | Reached ** piety under Trog
  1547 | D:2      | Found a snail-covered altar of Cheibriados.
  1966 | D:2      | Reached XP level 4. HP: 27/28 MP: 4/4
  2504 | D:3      | Reached skill level 5 in Maces & Flails
  2922 | D:3      | Reached XP level 5. HP: 32/32 MP: 5/5
  3004 | D:3      | Found a shimmering altar of Xom.
  3117 | D:3      | Found a faded altar of an unknown god.
  3272 | D:3      | Found a runed translucent door.
  3273 | D:3      | Noticed Crazy Yiuf
  3281 | D:3      | Killed Crazy Yiuf
  3601 | D:3      | Found a runed translucent gate.
  3603 | D:3      | Found a runed translucent gate.
  3604 | D:3      | Found a runed translucent gate.
  3606 | D:3      | Noticed DEFE's ghost (amateur DsWn)
  3932 | D:4      | Noticed a phantom
  4005 | D:4      | Reached skill level 6 in Maces & Flails
  4184 | D:3      | Killed a phantom
  4184 | D:3      | Reached XP level 6. HP: 27/37 MP: 6/6
  4543 | D:4      | Reached *** piety under Trog
  4663 | D:4      | Reached skill level 7 in Maces & Flails
  4793 | D:5      | Entered Level 5 of the Dungeon
  4827 | D:5      | Noticed a sky beast
  4833 | D:5      | Noticed an ice beast
  4905 | D:5      | Noticed a sky beast
  5044 | D:5      | Noticed Sigmund
  5069 | D:5      | Killed Sigmund
  5069 | D:5      | Reached skill level 8 in Maces & Flails
  5069 | D:5      | Reached XP level 7. HP: 41/41 MP: 7/7
  5087 | D:5      | Found a glowing silver altar of Zin.
  5127 | D:5      | Found Zin's Purification Station.
  5133 | D:5      | Bought a potion of curing for 90 gold pieces
  5151 | D:5      | Found a staircase to the Ecumenical Temple.
  5333 | D:5      | Noticed Duvessa
  5346 | D:5      | Killed Duvessa
  5347 | D:5      | Noticed Dowan
  5366 | D:4      | Reached skill level 9 in Maces & Flails
  5376 | D:4      | Killed Dowan
  5376 | D:4      | Reached XP level 8. HP: 36/46 MP: 8/8
  5465 | Temple   | Entered the Ecumenical Temple
  5799 | D:5      | Noticed Menkaure
  5807 | D:5      | Killed Menkaure
  5807 | D:5      | Reached skill level 10 in Maces & Flails
  5810 | D:5      | Found a stormy altar of Qazlal.
  5841 | D:5      | You fall into a shaft and drop 3 floors!
  5857 | D:8      | Noticed a two-headed ogre
  5930 | D:6      | Found a runed translucent gate.
  5930 | D:6      | Found a runed translucent gate.
  5930 | D:6      | Found a runed translucent gate.
  5932 | D:6      | Noticed emiel's ghost (amateur FoSk)
  5932 | D:6      | Noticed vurker's ghost (novice DsNe)
  5933 | D:6      | Noticed Protee's ghost (amateur BaFi)
  5933 | D:6      | Noticed wullow's ghost (novice DsNe)
  6209 | D:5      | Found a shadowy altar of Dithmenos.
  6210 | D:5      | Found a white marble altar of Elyvilon.
  6211 | D:5      | Found an ancient bone altar of Kikubaaqudgha.
  6280 | D:5      | Noticed Grinder
  6294 | D:5      | Killed Grinder
  6294 | D:5      | Reached skill level 11 in Maces & Flails
  6512 | D:6      | Noticed Maggie
  6647 | D:6      | Paralysed by Maggie for 4 turns
  6653 | D:6      | Killed Maggie
  6653 | D:6      | Reached XP level 9. HP: 32/51 MP: 9/9
  7013 | D:6      | Found a shattered altar of Ashenzari.
  7426 | D:6      | Reached skill level 12 in Maces & Flails
  7526 | D:7      | Found a shimmering blue altar of Sif Muna.
  7951 | D:7      | Killed a two-headed ogre
  7951 | D:7      | Reached skill level 13 in Maces & Flails
  8022 | D:8      | Reached XP level 10. HP: 56/56 MP: 10/10
  8059 | D:8      | Found Pedgh's Food Shoppe.
  8488 | D:8      | Reached **** piety under Trog
  8951 | D:9      | Reached skill level 14 in Maces & Flails
  8951 | D:9      | Reached skill level 1 in Evocations
  8966 | D:9      | Reached skill level 1 in Polearms
  9059 | D:9      | Noticed a two-headed ogre
  9221 | D:8      | Upgraded the game from 0.26-a0-30-g56b8cd3df0 to
                  | 0.26-a0-52-gd53d4cd058
  9540 | D:3      | Killed DEFE's ghost
 10292 | D:9      | Found a hide-covered altar of Uskayaw.
 10437 | D:10     | Entered Level 10 of the Dungeon
 10550 | D:10     | Noticed a seven-headed hydra
 10973 | D:10     | Noticed an orc knight
 10973 | D:10     | Noticed a centaur warrior
 10976 | D:10     | Noticed a white ugly thing
 10978 | D:10     | Found the +3 warlock's mirror {reflect}
 10979 | D:10     | Noticed a gargoyle
 10988 | D:10     | Noticed a cyclops
 11149 | D:10     | Reached skill level 5 in Polearms
 11270 | D:9      | Killed an unseen horror
 11270 | D:9      | Reached XP level 11. HP: 25/60 MP: 13/13
 11523 | D:10     | Killed an unseen horror
 11683 | D:10     | Reached ***** piety under Trog
 12888 | D:11     | Noticed Psyche
 12891 | D:11     | Noticed Josephine
 12918 | D:11     | Killed Josephine
 12920 | D:11     | Paralysed by something for 5 turns
 12928 | D:11     | Killed Psyche
 13204 | D:11     | Noticed a cyclops
 13217 | D:11     | Killed a cyclops
 13217 | D:11     | Reached skill level 10 in Polearms
 13295 | D:11     | Found a staircase to the Lair.
 13314 | D:11     | HP: 2/60 [gargoyle/stone arrow (18)]
 13315 | D:11     | Mangled by a gargoyle

Illustrated notes

Levels and vault maps discovered:
D:1:      tarquinn_simple_flora_water_d, layout_basic, minmay_gold_behind_fungi,
          chequers_jeans, serial_bayou_ford_a
D:2:      layout_basic, cheibriados_altar_1
D:3:      layout_basic, lemuel_round_altar, chequers_ecumenical_altar_grove,
          first_ration, ebering_ghost_rock_garden, uniq_crazy_yiuf_cottage
D:4:      layout_rooms
D:5:      layout_rooms, zin_purify, minitemple, minmay_temple_entry_hall,
          grunt_qazlal_sundering, uniq_grinder, uniq_menkaure, uniq_duvessa,
          uniq_sigmund
D:6:      layout_loops_corners, basic_altar, gammafunk_ghost_cemetery,
          uniq_maggie
D:7:      layout_rooms, kennysheep_mini_moat
D:8:      layout_loops_ring, enter_bailey_2, serial_shops, shop
D:9:      layout_rooms, basic_altar, grunt_livestock
D:10:     minmay_thick_lines, layout_irregular_city, minivault_12
D:11:     layout_loops_ring, lair_entry_dummy, st_stairs_9, uniq_psyche,
          uniq_josephine
Temple:   nicolae_temple_elliptical

Skill      XL: |  1  2  3  4  5  6  7  8  9 10 11 |
---------------+----------------------------------+-----
Maces & Flails | 4 5 6 8 9 11 13 14 | 14.0
Evocations     | 3 |  3.8
Polearms       | 6 10 | 10.1
Fighting       | |  3.5
Armour         | |  2.3
Dodging        | |  1.6

Action                   |  1- 3 |  4- 6 |  7- 9 | 10-12 || total
-------------------------+-------+-------+-------+-------++-------
Melee: Mace              |   119 |   114 |       |       ||   233
       Flail             |       |   149 |   256 |    48 ||   453
       Dire flail        |       |       |       |   472 ||   472
       Halberd           |       |       |       |    16 ||    16
Throw: Stone             |    76 |   141 |    11 |    25 ||   253
Invok: Trog's Hand       |       |     1 |     4 |     1 ||     6
       Berserk           |       |       |     1 |     1 ||     2
  Use: Scroll            |       |     9 |     3 |     8 ||    20
       Potion            |       |       |       |     3 ||     3
 Stab: Invisible         |       |     1 |       |       ||     1
  Eat: Chunk             |     3 |     8 |     2 |     6 ||    19
       Ration            |       |     1 |     3 |     3 ||     7
Armor: Animal skin       |    20 |       |       |       ||    20
       Scale mail        |    24 |       |       |       ||    24
       Plate armour      |     3 |   220 |   161 |   478 ||   862
Dodge: Dodged            |    72 |   101 |    84 |   157 ||   414

Table legend:
 A = Non-vault XP
 B = Vault XP
 C = Vault XP percentage of total XP
 D = Non-vault monster count
 E = Vault monster count
 F = Vault count percentage of total count
                 A         B        C        D         E       F
            +---------+---------+-------+---------+---------+-------
      Total |   11100 |    6215 |  35.9 |     217 |      28 |  11.4
            +---------+---------+-------+---------+---------+-------
        D:1 |      48 |       0 |   0.0 |      24 |       0 |   0.0
        D:2 |      41 |       0 |   0.0 |      18 |       0 |   0.0
        D:3 |     249 |     335 |  57.4 |      29 |       2 |   6.5
        D:4 |     332 |      81 |  19.6 |      21 |       1 |   4.5
        D:5 |     469 |     804 |  63.2 |      13 |       4 |  23.5
        D:6 |     589 |     424 |  41.9 |      11 |       1 |   8.3
        D:7 |    1424 |       0 |   0.0 |      15 |       0 |   0.0
        D:8 |    1152 |       0 |   0.0 |      31 |       0 |   0.0
        D:9 |    1821 |    1028 |  36.1 |      20 |       6 |  23.1
       D:10 |    3075 |    1126 |  26.8 |      25 |       6 |  19.4
       D:11 |    1900 |    2417 |  56.0 |      10 |       8 |  44.4
            +---------+---------+-------+---------+---------+-------
